[ PARTIDA AOE2 · #476375333 ]
UnrankedEslavos vs Armenians
[ ANÁLISIS DE REPETICIÓN · EXTRAÍDO DE LA PARTIDA GRABADA ]
Feudal
13:26
Castillos
17:27
Imperial
32:47
| APM promedio | 24.4 |
| APM pico | 64 |
| eAPM promedio | 16.6 |
| Aldeanos / militares | 137 / 1050 |
Foco
⚔️ 53.9% · 🌾 46.1%
Boyar ×588 · Scout Cavalry ×461 · Fishing Ship ×16 · Monk ×1
Feudal
14:50
Castillos
26:11
Imperial
35:21
| APM promedio | 21.4 |
| APM pico | 52 |
| eAPM promedio | 13.1 |
| Aldeanos / militares | 288 / 604 |
Foco
⚔️ 37.1% · 🌾 62.9%
Spearman ×371 · Skirmisher ×132 · Archer ×46 · Bombard Cannon ×24 · Trade Cart ×20 · Scorpion ×14
Feudal
11:58
Castillos
16:10
Imperial
33:08
| APM promedio | 26.5 |
| APM pico | 53 |
| eAPM promedio | 21.1 |
| Aldeanos / militares | 146 / 1475 |
Foco
⚔️ 45.5% · 🌾 54.5%
Spearman ×778 · Skirmisher ×370 · Mangonel ×149 · Woad Raider ×123 · Trade Cart ×50 · Battering Ram ×42
Feudal
11:45
Castillos
16:43
Imperial
31:39
| APM promedio | 6.5 |
| APM pico | 32 |
| eAPM promedio | 5.4 |
| Aldeanos / militares | 89 / 68 |
Foco
⚔️ 26.4% · 🌾 73.6%
Spearman ×59 · Trade Cart ×16 · Fishing Ship ×12 · Fire Galley ×4 · Unknown (2626) ×2 · Demolition Raft ×2
Feudal
13:57
Castillos
20:46
Imperial
34:32
| APM promedio | 26.0 |
| APM pico | 373 |
| eAPM promedio | 23.0 |
| Aldeanos / militares | 161 / 1010 |
Foco
⚔️ 59.6% · 🌾 40.4%
Spearman ×414 · Scout Cavalry ×354 · Militia ×104 · Centurion ×72 · Mangonel ×27 · Battering Ram ×26
Feudal
11:19
Castillos
22:33
Imperial
36:36
| APM promedio | 52.2 |
| APM pico | 111 |
| eAPM promedio | 34.2 |
| Aldeanos / militares | 124 / 1558 |
Foco
⚔️ 37.1% · 🌾 62.9%
Spearman ×1434 · Mangonel ×70 · Trade Cart ×50 · Scorpion ×33 · Unknown (882) ×28 · Battering Ram ×8
Feudal
—
Castillos
—
Imperial
—
| APM promedio | 23.2 |
| APM pico | 68 |
| eAPM promedio | 17.1 |
| Aldeanos / militares | 123 / 721 |
Foco
⚔️ 61.6% · 🌾 38.4%
Skirmisher ×271 · Scout Cavalry ×123 · Tarkan ×102 · Militia ×55 · Scorpion ×45 · Spearman ×36
Feudal
13:42
Castillos
20:57
Imperial
33:09
| APM promedio | 32.1 |
| APM pico | 110 |
| eAPM promedio | 21.7 |
| Aldeanos / militares | 144 / 1244 |
Foco
⚔️ 55.1% · 🌾 44.9%
Spearman ×746 · Genoese Crossbowman ×276 · Hand Cannoneer ×109 · Bombard Cannon ×64 · Scout Cavalry ×40 · Trade Cart ×39
Mapa de la partida
Recursos iniciales + cada clic de construcción. Líneas = muros · curvas = relieve. ◆ oro · ⬟ piedra · ● bayas · ✦ reliquia · ◌ hueco del cierre
Tu base· ✓ Cerrada en 17:27 · 0t muro · sin puerta
Base de ♛PePão♛· ✓ Cerrada en 26:11 · 23t muro · 4 puerta(s)
Base de urso· ✓ Cerrada en 16:10 · 33t muro · sin puerta
Base de VkA | jhau_t· ✓ Cerrada en 16:43 · 27t muro · sin puerta
Base de Krizao· ✓ Cerrada en 20:46 · 17t muro · 3 puerta(s)
Base de figueiredo· ✓ Cerrada en 22:33 · 0t muro · sin puerta
Base de RodrigoOBOMM· ✓ Cerrada en 21:43 · 26t muro · 3 puerta(s)
Base de TMZ | COLODETTI· ✓ Cerrada en 20:57 · 70t muro · 3 puerta(s)
Terreno inicial suavizado · ◌ = hueco del cierre detectado · pasá el cursor para detalles
Inputs por minuto
— kaisermaster - - ♛PePão♛
Build order — kaisermaster
Primeras 150 de 871 acciones detectadas
| 0:01 | Crear | Villager (Male) |
| 0:01 | Crear | Villager (Male) |
| 0:02 | Crear | Villager (Male) |
| 0:02 | Crear | Villager (Male) |
| 0:05 | Construir | House |
| 0:07 | Construir | House |
| 1:26 | Crear | Villager (Male) |
| 2:05 | Crear | Villager (Male) |
| 2:20 | Construir | Lumber Camp |
| 2:23 | Crear | Villager (Male) |
| 2:57 | Crear | Villager (Male) |
| 3:21 | Crear | Villager (Male) |
| 3:56 | Crear | Villager (Male) |
| 4:34 | Crear | Villager (Male) |
| 4:35 | Crear | Villager (Male) |
| 4:44 | Construir | House |
| 4:47 | Crear | Villager (Male) |
| 5:01 | Crear | Villager (Male) |
| 5:39 | Construir | Dock |
| 5:43 | Crear | Villager (Male) |
| 6:06 | Crear | Villager (Male) |
| 6:06 | Crear | Villager (Male) |
| 6:07 | Crear | Villager (Male) |
| 6:15 | Construir | House |
| 6:42 | Crear | Fishing Ship |
| 7:15 | Crear | Villager (Male) |
| 7:23 | Construir | House |
| 7:30 | Crear | Villager (Male) |
| 7:53 | Crear | Villager (Male) |
| 8:01 | Construir | Mill |
| 8:06 | Crear | Fishing Ship |
| 8:29 | Crear | Villager (Male) |
| 8:39 | Construir | House |
| 8:45 | Construir | House |
| 8:50 | Crear | Fishing Ship |
| 9:06 | Crear | Villager (Male) |
| 9:11 | Crear | Fishing Ship |
| 9:35 | Crear | Villager (Male) |
| 9:42 | Construir | Mining Camp |
| 9:54 | Crear | Villager (Male) |
| 10:22 | Crear | Fishing Ship |
| 10:26 | Crear | Villager (Male) |
| 10:49 | Crear | Villager (Male) |
| 11:02 | Investigar | Feudal Age |
| 11:22 | Construir | Farm |
| 11:34 | Construir | Farm |
| 11:40 | Construir | Farm |
| 12:56 | Crear | Villager (Male) |
| 12:57 | Crear | Villager (Male) |
| 13:26 | Edad | Edad Feudal |
| 13:39 | Construir | Blacksmith |
| 13:58 | Construir | Market |
| 14:13 | Crear | Villager (Male) |
| 14:20 | Investigar | Loom |
| 14:26 | Construir | Mining Camp |
| 14:47 | Investigar | Castle Age |
| 14:59 | Construir | Farm |
| 15:00 | Construir | Farm |
| 15:01 | Construir | Farm |
| 15:19 | Investigar | Double-Bit Axe |
| 15:34 | Investigar | Horse Collar |
| 16:04 | Construir | Fish Trap |
| 16:35 | Construir | Fish Trap |
| 16:39 | Construir | Fish Trap |
| 16:52 | Crear | Villager (Male) |
| 16:54 | Crear | Villager (Male) |
| 16:57 | Crear | Villager (Male) |
| 17:09 | Construir | House |
| 17:12 | Construir | House |
| 17:27 | Edad | Edad de los Castillos |
| 17:52 | Construir | Town Center |
| 18:10 | Construir | Fish Trap |
| 18:16 | Construir | Fish Trap |
| 18:20 | Crear | Villager (Male) |
| 18:36 | Construir | House |
| 18:38 | Construir | House |
| 18:50 | Crear | Villager (Male) |
| 18:50 | Crear | Villager (Male) |
| 19:14 | Crear | Villager (Male) |
| 19:15 | Crear | Villager (Male) |
| 19:18 | Construir | House |
| 19:21 | Construir | House |
| 19:27 | Crear | Fishing Ship |
| 19:27 | Crear | Fishing Ship |
| 19:30 | Crear | Villager (Male) |
| 19:30 | Crear | Villager (Male) |
| 19:31 | Crear | Villager (Male) |
| 19:35 | Investigar | Bow Saw |
| 20:04 | Construir | Town Center |
| 20:06 | Crear | Villager (Male) |
| 20:26 | Construir | Fish Trap |
| 20:30 | Crear | Villager (Male) |
| 20:30 | Crear | Villager (Male) |
| 20:32 | Crear | Villager (Male) |
| 20:42 | Construir | House |
| 20:44 | Construir | House |
| 20:50 | Construir | Monastery |
| 20:52 | Crear | Villager (Male) |
| 20:57 | Crear | Villager (Male) |
| 21:00 | Crear | Fishing Ship |
| 21:04 | Construir | Fish Trap |
| 21:10 | Construir | Farm |
| 21:14 | Crear | Villager (Male) |
| 21:16 | Crear | Villager (Male) |
| 21:22 | Crear | Villager (Male) |
| 21:25 | Crear | Villager (Male) |
| 21:45 | Crear | Monk |
| 21:52 | Construir | House |
| 21:53 | Construir | House |
| 21:54 | Construir | House |
| 21:56 | Crear | Villager (Male) |
| 21:57 | Crear | Villager (Male) |
| 21:58 | Crear | Villager (Male) |
| 22:35 | Construir | Town Center |
| 22:37 | Crear | Villager (Male) |
| 22:38 | Crear | Villager (Male) |
| 22:38 | Crear | Villager (Male) |
| 23:05 | Crear | Villager (Male) |
| 23:06 | Crear | Villager (Male) |
| 23:06 | Crear | Villager (Male) |
| 23:08 | Crear | Villager (Male) |
| 23:13 | Construir | House |
| 23:17 | Construir | House |
| 23:19 | Construir | House |
| 23:22 | Crear | Villager (Male) |
| 23:29 | Crear | Villager (Male) |
| 23:43 | Construir | Fish Trap |
| 23:45 | Crear | Fishing Ship |
| 23:47 | Crear | Fishing Ship |
| 23:57 | Investigar | Heavy Plow |
| 24:01 | Crear | Villager (Male) |
| 24:08 | Construir | Farm |
| 24:09 | Construir | Farm |
| 24:12 | Construir | Farm |
| 24:14 | Crear | Villager (Male) |
| 24:16 | Crear | Villager (Male) |
| 24:21 | Construir | Farm |
| 24:32 | Crear | Villager (Male) |
| 24:33 | Crear | Villager (Male) |
| 24:34 | Crear | Villager (Male) |
| 24:35 | Crear | Villager (Male) |
| 24:38 | Construir | Farm |
| 24:40 | Crear | Fishing Ship |
| 24:48 | Construir | Fish Trap |
| 24:56 | Crear | Villager (Male) |
| 24:56 | Crear | Villager (Male) |
| 24:57 | Crear | Villager (Male) |
| 24:57 | Crear | Villager (Male) |
| 25:27 | Crear | Villager (Male) |
| 25:29 | Crear | Villager (Male) |
Build order — ♛PePão♛
Primeras 150 de 455 acciones detectadas
| 0:02 | Investigar | Loom |
| 0:03 | Crear | Villager (Male) |
| 0:03 | Crear | Villager (Male) |
| 0:14 | Construir | House |
| 0:27 | Crear | Villager (Male) |
| 0:27 | Crear | Villager (Male) |
| 0:39 | Construir | Palisade Wall |
| 1:00 | Construir | Palisade Gate |
| 2:24 | Crear | Villager (Male) |
| 2:43 | Construir | Palisade Gate |
| 2:49 | Crear | Villager (Male) |
| 3:46 | Crear | Villager (Male) |
| 3:46 | Crear | Villager (Male) |
| 3:48 | Construir | Lumber Camp |
| 4:59 | Crear | Villager (Male) |
| 5:04 | Construir | House |
| 5:18 | Construir | Palisade Wall |
| 5:22 | Crear | Villager (Male) |
| 5:41 | Construir | House |
| 6:19 | Crear | Villager (Male) |
| 6:58 | Crear | Villager (Male) |
| 7:18 | Crear | Villager (Male) |
| 7:29 | Crear | Villager (Male) |
| 8:20 | Crear | Villager (Male) |
| 8:27 | Construir | Mining Camp |
| 8:38 | Crear | Villager (Male) |
| 9:11 | Crear | Villager (Male) |
| 9:31 | Construir | House |
| 9:34 | Construir | House |
| 9:36 | Crear | Villager (Male) |
| 9:45 | Construir | Mill |
| 9:54 | Crear | Villager (Male) |
| 10:02 | Crear | Villager (Male) |
| 10:48 | Crear | Villager (Male) |
| 11:22 | Crear | Villager (Male) |
| 12:40 | Investigar | Feudal Age |
| 13:24 | Construir | House |
| 13:45 | Construir | House |
| 14:19 | Construir | Barracks |
| 14:25 | Construir | Farm |
| 14:25 | Construir | Farm |
| 14:34 | Crear | Villager (Male) |
| 14:50 | Edad | Edad Feudal |
| 14:52 | Investigar | Horse Collar |
| 14:54 | Investigar | Double-Bit Axe |
| 15:23 | Construir | Farm |
| 15:24 | Crear | Villager (Male) |
| 15:28 | Crear | Villager (Male) |
| 16:06 | Crear | Villager (Male) |
| 16:21 | Construir | Market |
| 16:29 | Crear | Villager (Male) |
| 16:50 | Construir | Mining Camp |
| 16:57 | Crear | Villager (Male) |
| 17:08 | Construir | Farm |
| 17:24 | Construir | Farm |
| 17:25 | Construir | Farm |
| 17:26 | Crear | Villager (Male) |
| 17:54 | Construir | Farm |
| 17:56 | Crear | Villager (Male) |
| 17:59 | Construir | Farm |
| 18:10 | Crear | Villager (Male) |
| 18:24 | Construir | Farm |
| 18:26 | Crear | Villager (Male) |
| 18:37 | Construir | Farm |
| 18:37 | Construir | Farm |
| 18:37 | Construir | Farm |
| 18:55 | Construir | Stone Wall |
| 19:04 | Construir | Gate |
| 19:14 | Construir | Farm |
| 19:25 | Construir | Gate |
| 19:42 | Construir | Gate |
| 19:45 | Construir | Stone Wall |
| 19:49 | Construir | Stone Wall |
| 19:50 | Crear | Villager (Male) |
| 19:50 | Crear | Villager (Male) |
| 20:42 | Construir | Dock |
| 20:47 | Crear | Villager (Male) |
| 20:47 | Crear | Villager (Male) |
| 20:48 | Crear | Villager (Male) |
| 21:03 | Construir | Farm |
| 21:03 | Construir | Farm |
| 21:03 | Construir | Farm |
| 21:04 | Construir | Farm |
| 21:04 | Construir | Farm |
| 21:05 | Construir | Farm |
| 21:35 | Crear | Demolition Raft |
| 21:45 | Crear | Demolition Raft |
| 21:49 | Crear | Fishing Ship |
| 22:08 | Construir | Mining Camp |
| 22:13 | Crear | Villager (Male) |
| 22:15 | Construir | Farm |
| 22:17 | Crear | Villager (Male) |
| 22:38 | Construir | House |
| 22:39 | Construir | House |
| 22:44 | Crear | Villager (Male) |
| 22:58 | Construir | Blacksmith |
| 23:00 | Crear | Villager (Male) |
| 23:31 | Investigar | Castle Age |
| 23:43 | Construir | Archery Range |
| 23:45 | Crear | Demolition Raft |
| 23:48 | Crear | Fishing Ship |
| 24:24 | Crear | Demolition Raft |
| 24:32 | Crear | Fishing Ship |
| 24:32 | Crear | Fishing Ship |
| 25:19 | Crear | Villager (Male) ×5 |
| 25:19 | Crear | Villager (Male) ×5 |
| 25:20 | Crear | Villager (Male) ×4 |
| 26:11 | Edad | Edad de los Castillos |
| 26:12 | Investigar | Bow Saw |
| 26:13 | Investigar | Heavy Plow |
| 26:20 | Construir | Town Center |
| 27:40 | Construir | Fish Trap |
| 27:51 | Construir | House |
| 27:55 | Crear | Villager (Male) |
| 28:18 | Construir | Town Center |
| 28:25 | Crear | Villager (Male) |
| 28:26 | Crear | Villager (Male) ×5 |
| 28:27 | Crear | Villager (Male) ×5 |
| 28:28 | Crear | Villager (Male) ×5 |
| 29:24 | Construir | Castle |
| 29:41 | Construir | Fish Trap |
| 29:56 | Construir | Fish Trap |
| 30:07 | Construir | Fish Trap |
| 30:10 | Crear | Villager (Male) |
| 30:11 | Crear | Villager (Male) ×5 |
| 30:52 | Crear | Villager (Male) |
| 30:52 | Crear | Villager (Male) |
| 30:54 | Crear | Villager (Male) |
| 31:09 | Construir | University |
| 31:14 | Investigar | Padded Archer Armor |
| 31:14 | Investigar | Fletching |
| 31:39 | Crear | Villager (Male) |
| 32:01 | Crear | Villager (Male) ×5 |
| 32:09 | Investigar | Wheelbarrow |
| 32:11 | Investigar | Imperial Age |
| 32:22 | Construir | Town Center |
| 32:24 | Construir | Farm |
| 32:24 | Construir | Farm |
| 32:24 | Construir | Farm |
| 32:25 | Construir | Farm |
| 32:25 | Construir | Farm |
| 32:25 | Construir | Farm |
| 32:26 | Construir | Farm |
| 32:26 | Construir | Farm |
| 32:27 | Construir | Farm |
| 32:33 | Construir | Farm |
| 32:45 | Investigar | Chemistry |
| 32:52 | Investigar | Ballistics |
| 33:01 | Crear | Villager (Male) ×5 |
| 33:02 | Crear | Villager (Male) ×5 |
Build order — urso
Primeras 150 de 891 acciones detectadas
| 0:03 | Crear | Villager (Male) |
| 0:03 | Crear | Villager (Male) |
| 0:03 | Crear | Villager (Male) |
| 0:04 | Construir | House |
| 0:05 | Construir | House |
| 1:04 | Crear | Villager (Male) |
| 1:30 | Crear | Villager (Male) |
| 2:03 | Construir | Lumber Camp |
| 2:06 | Crear | Villager (Male) |
| 2:49 | Crear | Villager (Male) |
| 2:49 | Crear | Villager (Male) |
| 3:16 | Crear | Villager (Male) |
| 3:16 | Crear | Villager (Male) |
| 3:53 | Crear | Villager (Male) |
| 4:00 | Construir | House |
| 4:32 | Crear | Villager (Male) |
| 4:34 | Crear | Villager (Male) |
| 5:01 | Crear | Villager (Male) |
| 5:25 | Construir | Mill |
| 5:29 | Crear | Villager (Male) |
| 5:43 | Construir | House |
| 6:10 | Crear | Villager (Male) |
| 6:17 | Crear | Villager (Male) |
| 6:47 | Crear | Villager (Male) |
| 7:20 | Crear | Villager (Male) |
| 7:47 | Crear | Villager (Male) |
| 7:58 | Crear | Villager (Male) |
| 8:07 | Construir | House |
| 8:20 | Crear | Villager (Male) |
| 8:29 | Construir | Mining Camp |
| 8:35 | Construir | Mill |
| 8:47 | Investigar | Loom |
| 9:38 | Construir | House |
| 9:42 | Construir | Palisade Wall |
| 9:48 | Investigar | Feudal Age |
| 10:55 | Construir | Palisade Wall |
| 11:10 | Construir | Farm |
| 11:20 | Construir | Palisade Wall |
| 11:58 | Edad | Edad Feudal |
| 11:58 | Crear | Villager (Male) |
| 11:58 | Crear | Villager (Male) |
| 12:01 | Construir | Market |
| 12:04 | Construir | Blacksmith |
| 12:31 | Construir | Farm |
| 12:32 | Construir | Farm |
| 12:50 | Construir | Palisade Wall |
| 12:53 | Construir | Palisade Wall |
| 13:30 | Investigar | Castle Age |
| 14:16 | Construir | Dock |
| 14:32 | Construir | Stone Wall |
| 14:35 | Construir | Stone Wall |
| 14:46 | Investigar | Double-Bit Axe |
| 15:06 | Investigar | Horse Collar |
| 15:19 | Crear | Fishing Ship |
| 15:36 | Construir | Stone Wall |
| 16:10 | Edad | Edad de los Castillos |
| 16:14 | Construir | Town Center |
| 16:17 | Investigar | Wheelbarrow |
| 16:48 | Construir | Stone Wall |
| 16:53 | Crear | Villager (Male) |
| 17:03 | Crear | Fishing Ship |
| 17:24 | Crear | Villager (Male) |
| 17:50 | Crear | Fishing Ship |
| 18:00 | Construir | Farm |
| 18:01 | Construir | Farm |
| 18:26 | Construir | Town Center |
| 18:29 | Crear | Villager (Male) |
| 18:30 | Crear | Villager (Male) |
| 18:32 | Crear | Villager (Male) |
| 18:33 | Crear | Villager (Male) |
| 18:33 | Crear | Villager (Male) |
| 18:42 | Construir | Stone Wall |
| 18:49 | Crear | Villager (Male) |
| 18:50 | Crear | Villager (Male) |
| 19:06 | Construir | Farm |
| 19:09 | Investigar | Heavy Plow |
| 19:33 | Crear | Villager (Male) |
| 19:36 | Construir | Farm |
| 19:38 | Crear | Villager (Male) |
| 19:45 | Crear | Villager (Male) |
| 19:51 | Construir | Stone Wall |
| 19:58 | Construir | Mining Camp |
| 20:08 | Construir | Farm |
| 20:09 | Construir | Farm |
| 20:11 | Crear | Villager (Male) |
| 20:12 | Crear | Villager (Male) |
| 20:13 | Crear | Villager (Male) |
| 20:16 | Crear | Villager (Male) |
| 20:19 | Construir | House |
| 20:21 | Construir | House |
| 20:35 | Crear | Villager (Male) |
| 20:36 | Crear | Villager (Male) |
| 20:37 | Crear | Villager (Male) |
| 20:39 | Crear | Fishing Ship |
| 20:45 | Construir | Farm |
| 20:45 | Construir | Farm |
| 20:45 | Construir | Farm |
| 20:46 | Construir | Farm |
| 20:46 | Construir | Farm |
| 20:46 | Construir | Farm |
| 20:55 | Crear | Villager (Male) |
| 20:56 | Crear | Villager (Male) |
| 21:06 | Construir | Farm |
| 21:09 | Crear | Villager (Male) |
| 21:18 | Construir | Stone Wall |
| 21:25 | Construir | House |
| 21:26 | Construir | House |
| 21:28 | Crear | Villager (Male) |
| 21:29 | Crear | Villager (Male) |
| 21:40 | Crear | Villager (Male) |
| 21:54 | Construir | Farm |
| 21:54 | Construir | Farm |
| 21:54 | Construir | Farm |
| 21:55 | Construir | Farm |
| 21:55 | Construir | Farm |
| 21:57 | Crear | Villager (Male) |
| 21:59 | Crear | Villager (Male) |
| 22:07 | Crear | Villager (Male) |
| 22:21 | Construir | Monastery |
| 22:24 | Crear | Villager (Male) |
| 22:29 | Crear | Villager (Male) |
| 22:36 | Crear | Villager (Male) |
| 22:49 | Crear | Villager (Male) |
| 22:54 | Construir | House |
| 22:56 | Crear | Villager (Male) |
| 23:05 | Crear | Villager (Male) |
| 23:10 | Construir | Town Center |
| 23:18 | Crear | Villager (Male) |
| 23:19 | Crear | Villager (Male) |
| 23:27 | Construir | House |
| 23:28 | Construir | House |
| 23:29 | Crear | Monk |
| 23:35 | Crear | Villager (Male) |
| 23:37 | Crear | Villager (Male) |
| 23:42 | Construir | House |
| 23:43 | Construir | House |
| 23:47 | Crear | Villager (Male) |
| 23:50 | Crear | Villager (Male) |
| 24:07 | Crear | Villager (Male) |
| 24:13 | Investigar | Gold Mining |
| 24:18 | Crear | Villager (Male) |
| 24:21 | Construir | Farm |
| 24:21 | Construir | Farm |
| 24:21 | Construir | Farm |
| 24:21 | Construir | Farm |
| 24:21 | Construir | Farm |
| 24:22 | Construir | Farm |
| 24:22 | Construir | Farm |
| 24:22 | Construir | Farm |
| 24:24 | Crear | Villager (Male) |
Build order — VkA | jhau_t
Primeras 150 de 291 acciones detectadas
| 0:01 | Crear | Villager (Male) |
| 0:01 | Crear | Villager (Male) |
| 0:02 | Crear | Villager (Male) |
| 0:02 | Crear | Villager (Male) |
| 0:06 | Construir | House |
| 0:07 | Construir | House |
| 0:35 | Investigar | Loom |
| 1:46 | Crear | Villager (Male) |
| 2:34 | Crear | Villager (Male) |
| 2:35 | Crear | Villager (Male) |
| 2:56 | Crear | Villager (Male) |
| 3:28 | Crear | Villager (Male) |
| 3:52 | Construir | House |
| 4:04 | Crear | Villager (Male) |
| 4:04 | Crear | Villager (Male) |
| 4:24 | Construir | Mill |
| 4:52 | Crear | Villager (Male) |
| 5:19 | Construir | Mule Cart |
| 5:33 | Construir | Palisade Wall |
| 5:49 | Crear | Villager (Male) |
| 5:51 | Crear | Villager (Male) |
| 5:51 | Crear | Villager (Male) |
| 7:04 | Crear | Villager (Male) |
| 7:04 | Crear | Villager (Male) |
| 7:13 | Construir | House |
| 7:36 | Crear | Villager (Male) |
| 7:36 | Crear | Villager (Male) |
| 8:00 | Construir | Mill |
| 8:19 | Construir | Palisade Wall |
| 8:41 | Construir | Dock |
| 8:44 | Crear | Villager (Male) |
| 8:44 | Crear | Villager (Male) |
| 9:08 | Construir | House |
| 9:19 | Crear | Fishing Ship |
| 9:35 | Investigar | Feudal Age |
| 11:43 | Crear | Villager (Male) |
| 11:44 | Crear | Villager (Male) |
| 11:44 | Crear | Villager (Male) |
| 11:45 | Edad | Edad Feudal |
| 11:48 | Construir | Mule Cart |
| 12:15 | Construir | Market |
| 12:27 | Construir | Blacksmith |
| 12:39 | Crear | Villager (Male) |
| 13:01 | Crear | Villager (Male) |
| 14:03 | Investigar | Castle Age |
| 14:41 | Construir | Stone Wall |
| 14:58 | Investigar | Double-Bit Axe |
| 15:00 | Investigar | Horse Collar |
| 15:47 | Construir | House |
| 15:51 | Construir | Fish Trap |
| 16:12 | Investigar | Tech 906 |
| 16:24 | Construir | House |
| 16:28 | Crear | Demolition Raft |
| 16:28 | Crear | Demolition Raft |
| 16:43 | Edad | Edad de los Castillos |
| 16:46 | Crear | Villager (Male) |
| 16:46 | Crear | Villager (Male) |
| 16:47 | Crear | Villager (Male) |
| 16:47 | Crear | Villager (Male) |
| 16:55 | Construir | Town Center |
| 18:16 | Crear | Villager (Male) |
| 18:17 | Crear | Villager (Male) |
| 18:17 | Crear | Villager (Male) |
| 18:18 | Crear | Villager (Male) |
| 18:41 | Crear | Fishing Ship ×5 |
| 18:48 | Construir | Fish Trap |
| 18:49 | Construir | Fish Trap |
| 18:49 | Construir | Fish Trap |
| 18:50 | Construir | Fish Trap |
| 18:51 | Construir | Fish Trap |
| 19:02 | Crear | Villager (Male) |
| 19:02 | Crear | Villager (Male) |
| 19:02 | Crear | Villager (Male) |
| 19:03 | Crear | Villager (Male) |
| 19:13 | Construir | Farm |
| 19:21 | Construir | Farm |
| 19:24 | Construir | Farm |
| 19:47 | Construir | Town Center |
| 19:59 | Investigar | Bow Saw |
| 20:05 | Crear | Villager (Male) |
| 20:10 | Construir | House |
| 20:11 | Construir | House |
| 21:15 | Construir | Town Center |
| 21:18 | Crear | Villager (Male) |
| 21:18 | Crear | Villager (Male) |
| 21:29 | Construir | Fish Trap |
| 21:30 | Construir | Fish Trap |
| 21:31 | Construir | Fish Trap |
| 21:43 | Construir | House |
| 21:45 | Construir | House |
| 21:54 | Construir | Farm |
| 22:05 | Construir | Farm |
| 22:06 | Construir | Farm |
| 22:10 | Construir | Farm |
| 22:14 | Construir | Farm |
| 22:19 | Crear | Villager (Male) |
| 22:19 | Crear | Villager (Male) |
| 22:22 | Crear | Villager (Male) |
| 22:28 | Construir | Farm |
| 22:35 | Construir | Farm |
| 22:40 | Construir | Farm |
| 22:45 | Construir | Farm |
| 22:50 | Construir | Farm |
| 22:52 | Crear | Villager (Male) |
| 22:52 | Crear | Villager (Male) |
| 23:04 | Crear | Fishing Ship |
| 23:04 | Crear | Fishing Ship |
| 23:13 | Construir | Fish Trap |
| 23:15 | Construir | Fish Trap |
| 23:18 | Construir | Fish Trap |
| 23:29 | Construir | Farm |
| 23:31 | Crear | Villager (Male) |
| 23:31 | Crear | Villager (Male) |
| 23:32 | Crear | Villager (Male) |
| 23:32 | Crear | Villager (Male) |
| 23:35 | Construir | Farm |
| 23:41 | Construir | Farm |
| 23:42 | Construir | Farm |
| 23:51 | Crear | Villager (Male) |
| 23:51 | Crear | Villager (Male) |
| 24:01 | Crear | Villager (Male) |
| 24:02 | Crear | Villager (Male) |
| 24:05 | Construir | Farm |
| 24:19 | Construir | Farm |
| 24:19 | Construir | Farm |
| 24:21 | Construir | Farm |
| 24:25 | Crear | Villager (Male) |
| 24:25 | Crear | Villager (Male) |
| 24:27 | Crear | Villager (Male) |
| 24:53 | Investigar | Wheelbarrow |
| 25:12 | Construir | Monastery |
| 25:23 | Construir | Monastery |
| 25:32 | Crear | Villager (Male) |
| 25:32 | Crear | Villager (Male) |
| 25:32 | Crear | Villager (Male) |
| 25:33 | Crear | Villager (Male) |
| 25:33 | Crear | Villager (Male) |
| 25:33 | Crear | Villager (Male) |
| 25:37 | Investigar | Gillnets |
| 26:06 | Crear | Fishing Ship |
| 26:06 | Crear | Fishing Ship |
| 26:12 | Construir | Fish Trap |
| 26:13 | Construir | Fish Trap |
| 26:14 | Construir | Fish Trap |
| 26:17 | Construir | Fish Trap |
| 26:25 | Crear | Fire Galley |
| 26:25 | Crear | Fire Galley |
| 26:30 | Crear | Fire Galley |
| 26:31 | Crear | Fire Galley |
| 26:33 | Crear | Unit 2626 |
Build order — Krizao
Primeras 150 de 954 acciones detectadas
| 0:00 | Crear | Villager (Male) |
| 0:01 | Investigar | Loom |
| 0:03 | Construir | House |
| 0:04 | Construir | House |
| 0:24 | Crear | Villager (Male) |
| 0:24 | Crear | Villager (Male) |
| 0:24 | Crear | Villager (Male) |
| 1:41 | Construir | Palisade Gate |
| 1:44 | Construir | Palisade Wall |
| 1:46 | Construir | Palisade Wall |
| 1:48 | Construir | Palisade Wall |
| 2:34 | Crear | Villager (Male) |
| 2:35 | Crear | Villager (Male) |
| 3:14 | Crear | Villager (Male) |
| 3:38 | Crear | Villager (Male) |
| 4:19 | Crear | Villager (Male) |
| 4:49 | Crear | Villager (Male) |
| 5:30 | Construir | House |
| 5:34 | Construir | House |
| 5:39 | Construir | Palisade Wall |
| 5:43 | Construir | Palisade Wall |
| 5:45 | Crear | Villager (Male) |
| 5:45 | Crear | Villager (Male) |
| 5:45 | Crear | Villager (Male) |
| 6:28 | Construir | Mining Camp |
| 6:31 | Crear | Villager (Male) |
| 6:45 | Construir | Palisade Wall |
| 6:56 | Crear | Villager (Male) |
| 7:35 | Crear | Villager (Male) |
| 7:36 | Crear | Villager (Male) |
| 8:04 | Construir | Mill |
| 8:39 | Crear | Villager (Male) |
| 8:53 | Construir | Mill |
| 9:06 | Construir | Mill |
| 9:09 | Crear | Villager (Male) |
| 9:09 | Crear | Villager (Male) |
| 9:43 | Crear | Villager (Male) |
| 10:17 | Crear | Villager (Male) |
| 10:47 | Crear | Villager (Male) |
| 10:59 | Construir | Mining Camp |
| 11:12 | Crear | Villager (Male) |
| 11:39 | Construir | Lumber Camp |
| 11:47 | Investigar | Feudal Age |
| 12:49 | Construir | House |
| 13:13 | Construir | Mill |
| 13:21 | Crear | Villager (Male) |
| 13:22 | Crear | Villager (Male) |
| 13:22 | Crear | Villager (Male) |
| 13:22 | Crear | Villager (Male) |
| 13:23 | Crear | Villager (Male) |
| 13:23 | Crear | Villager (Male) |
| 13:40 | Construir | House |
| 13:45 | Construir | House |
| 13:54 | Construir | House |
| 13:57 | Edad | Edad Feudal |
| 13:57 | Crear | Villager (Male) |
| 14:07 | Construir | Gate |
| 14:10 | Construir | Stone Wall |
| 14:13 | Construir | Stone Wall |
| 14:31 | Construir | Farm |
| 14:31 | Construir | Farm |
| 14:32 | Construir | Farm |
| 14:32 | Construir | Farm |
| 14:37 | Crear | Villager (Male) |
| 14:51 | Construir | Farm |
| 14:51 | Construir | Farm |
| 14:52 | Construir | Farm |
| 14:52 | Construir | Farm |
| 14:53 | Construir | Farm |
| 14:53 | Construir | Farm |
| 14:54 | Construir | Farm |
| 14:54 | Construir | Farm |
| 14:55 | Construir | Farm |
| 14:56 | Construir | Farm |
| 14:57 | Construir | Farm |
| 14:57 | Construir | Farm |
| 14:58 | Construir | Farm |
| 15:01 | Crear | Villager (Male) |
| 15:55 | Crear | Villager (Male) |
| 15:55 | Crear | Villager (Male) |
| 16:11 | Construir | Market |
| 16:16 | Crear | Villager (Male) |
| 16:35 | Crear | Villager (Male) |
| 16:41 | Investigar | Double-Bit Axe |
| 17:19 | Construir | Blacksmith |
| 17:41 | Crear | Villager (Male) |
| 17:54 | Investigar | Castle Age |
| 18:08 | Investigar | Horse Collar |
| 18:46 | Crear | Villager (Male) |
| 18:46 | Crear | Villager (Male) |
| 19:27 | Construir | Barracks |
| 19:30 | Construir | Gate |
| 19:52 | Construir | House |
| 19:59 | Construir | Gate |
| 20:02 | Crear | Villager (Male) |
| 20:03 | Crear | Villager (Male) |
| 20:10 | Construir | Farm |
| 20:10 | Construir | Farm |
| 20:10 | Construir | Farm |
| 20:11 | Construir | Farm |
| 20:24 | Crear | Villager (Male) |
| 20:25 | Crear | Villager (Male) |
| 20:46 | Edad | Edad de los Castillos |
| 20:52 | Construir | Town Center |
| 21:05 | Crear | Villager (Male) |
| 21:12 | Construir | House |
| 21:21 | Construir | Gate |
| 21:34 | Construir | Monastery |
| 21:37 | Crear | Villager (Male) |
| 21:38 | Crear | Villager (Male) |
| 21:44 | Construir | Gate |
| 21:46 | Construir | House |
| 21:52 | Crear | Villager (Male) |
| 22:14 | Construir | House |
| 22:16 | Construir | House |
| 22:20 | Construir | House |
| 22:21 | Construir | House |
| 22:24 | Crear | Villager (Male) |
| 22:36 | Construir | Dock |
| 22:40 | Crear | Villager (Male) |
| 23:06 | Construir | Castle |
| 23:13 | Crear | Villager (Male) |
| 23:14 | Crear | Villager (Male) |
| 23:38 | Construir | Siege Workshop |
| 23:51 | Construir | Siege Workshop |
| 23:56 | Crear | Villager (Male) |
| 24:01 | Crear | Fishing Ship |
| 24:01 | Crear | Fishing Ship |
| 24:10 | Construir | Farm |
| 24:14 | Crear | Villager (Male) |
| 24:15 | Crear | Villager (Male) |
| 24:37 | Crear | Mangonel |
| 24:40 | Crear | Villager (Male) |
| 24:46 | Crear | Monk |
| 25:08 | Crear | Villager (Male) |
| 25:33 | Crear | Villager (Male) |
| 25:37 | Construir | Farm |
| 25:47 | Crear | Fishing Ship |
| 25:47 | Crear | Fishing Ship |
| 25:47 | Crear | Fishing Ship |
| 26:00 | Construir | Outpost |
| 26:11 | Construir | Outpost |
| 26:17 | Construir | Outpost |
| 26:21 | Crear | Villager (Male) |
| 26:25 | Construir | Farm |
| 26:27 | Crear | Villager (Male) |
| 26:31 | Construir | Farm |
| 26:31 | Construir | Farm |
| 26:32 | Construir | Farm |
| 26:32 | Construir | Farm |
Build order — figueiredo
Primeras 150 de 725 acciones detectadas
| 0:04 | Construir | House |
| 0:14 | Construir | House |
| 0:19 | Crear | Villager (Male) |
| 0:19 | Crear | Villager (Male) ×3 |
| 0:36 | Investigar | Loom |
| 2:01 | Crear | Villager (Male) |
| 2:12 | Construir | Lumber Camp |
| 2:15 | Crear | Villager (Male) |
| 2:55 | Crear | Villager (Male) |
| 3:45 | Construir | House |
| 4:32 | Crear | Villager (Male) |
| 4:33 | Crear | Villager (Male) |
| 5:15 | Construir | Mill |
| 5:16 | Crear | Villager (Male) |
| 5:17 | Crear | Villager (Male) |
| 5:36 | Crear | Villager (Male) |
| 6:20 | Crear | Villager (Male) |
| 7:20 | Crear | Villager (Male) |
| 7:26 | Crear | Villager (Male) |
| 7:31 | Construir | House |
| 8:13 | Construir | Mining Camp |
| 8:15 | Crear | Villager (Male) |
| 8:20 | Crear | Villager (Male) |
| 8:25 | Crear | Villager (Male) |
| 8:50 | Construir | Farm |
| 8:51 | Construir | Farm |
| 8:59 | Construir | Farm |
| 9:09 | Investigar | Feudal Age |
| 10:01 | Crear | Villager (Male) |
| 10:01 | Crear | Villager (Male) |
| 11:19 | Edad | Edad Feudal |
| 11:25 | Construir | Market |
| 11:30 | Construir | Blacksmith |
| 11:36 | Crear | Villager (Male) |
| 11:54 | Investigar | Wheelbarrow |
| 12:02 | Construir | House |
| 12:44 | Investigar | Double-Bit Axe |
| 12:46 | Crear | Villager (Male) |
| 12:47 | Crear | Villager (Male) |
| 13:14 | Construir | Mining Camp |
| 13:33 | Crear | Villager (Male) |
| 14:02 | Construir | Farm |
| 14:02 | Construir | Farm |
| 14:20 | Construir | Mill |
| 14:42 | Construir | Lumber Camp |
| 14:45 | Crear | Villager (Male) |
| 14:51 | Construir | Farm |
| 15:04 | Investigar | Horse Collar |
| 15:13 | Crear | Villager (Male) |
| 15:31 | Construir | House |
| 15:39 | Construir | Farm |
| 15:43 | Construir | Farm |
| 15:58 | Construir | Farm |
| 16:07 | Construir | Farm |
| 16:10 | Crear | Villager (Male) |
| 16:11 | Crear | Villager (Male) |
| 16:40 | Construir | Farm |
| 16:43 | Crear | Villager (Male) |
| 16:55 | Crear | Trade Cart |
| 17:32 | Construir | Farm |
| 17:34 | Construir | Farm |
| 17:36 | Crear | Villager (Male) |
| 17:36 | Crear | Villager (Male) |
| 18:06 | Construir | Farm |
| 18:10 | Construir | Farm |
| 18:11 | Crear | Villager (Male) |
| 18:12 | Crear | Villager (Male) |
| 18:35 | Construir | House |
| 18:37 | Construir | House |
| 18:37 | Construir | House |
| 19:14 | Investigar | Castle Age |
| 19:33 | Crear | Trade Cart |
| 19:34 | Crear | Trade Cart |
| 19:41 | Crear | Villager (Male) |
| 20:02 | Construir | Farm |
| 20:28 | Crear | Villager (Male) |
| 20:29 | Crear | Villager (Male) |
| 20:46 | Investigar | Stone Mining |
| 20:47 | Investigar | Gold Mining |
| 22:03 | Construir | House |
| 22:06 | Construir | House |
| 22:33 | Edad | Edad de los Castillos |
| 22:35 | Construir | Monastery |
| 22:45 | Construir | Town Center |
| 22:55 | Construir | Town Center |
| 23:02 | Crear | Villager (Male) |
| 23:18 | Investigar | Hand Cart |
| 23:21 | Crear | Monk |
| 23:22 | Crear | Monk |
| 23:28 | Crear | Trade Cart |
| 23:30 | Crear | Trade Cart |
| 23:44 | Construir | House |
| 23:46 | Construir | House |
| 23:47 | Construir | House |
| 23:48 | Construir | House |
| 23:51 | Construir | House |
| 23:52 | Construir | House |
| 24:05 | Crear | Villager (Male) ×5 |
| 24:23 | Crear | Villager (Male) |
| 24:24 | Crear | Villager (Male) |
| 24:25 | Crear | Villager (Male) |
| 24:30 | Crear | Villager (Male) ×5 |
| 24:36 | Crear | Villager (Male) ×5 |
| 24:40 | Crear | Villager (Male) |
| 24:45 | Investigar | Gold Shaft Mining |
| 25:01 | Investigar | Bow Saw |
| 25:40 | Construir | Farm |
| 25:40 | Construir | Farm |
| 25:40 | Construir | Farm |
| 25:40 | Construir | Farm |
| 25:41 | Construir | Farm |
| 25:41 | Construir | Farm |
| 25:41 | Construir | Farm |
| 25:41 | Construir | Farm |
| 25:55 | Crear | Villager (Male) |
| 25:57 | Crear | Villager (Male) |
| 25:57 | Crear | Villager (Male) |
| 26:02 | Investigar | Forging |
| 26:08 | Construir | Farm |
| 26:09 | Construir | Farm |
| 26:09 | Construir | Farm |
| 26:09 | Construir | Farm |
| 26:09 | Construir | Farm |
| 26:09 | Construir | Farm |
| 26:14 | Crear | Villager (Male) |
| 26:14 | Crear | Villager (Male) |
| 26:28 | Crear | Villager (Male) ×5 |
| 26:32 | Construir | Farm |
| 26:33 | Construir | Farm |
| 26:33 | Construir | Farm |
| 26:33 | Construir | Farm |
| 26:33 | Construir | Farm |
| 26:38 | Crear | Villager (Male) |
| 27:07 | Crear | Trade Cart |
| 27:07 | Investigar | Coinage |
| 27:11 | Crear | Trade Cart |
| 27:16 | Construir | Farm |
| 27:26 | Crear | Villager (Male) |
| 27:30 | Crear | Villager (Male) |
| 27:31 | Crear | Villager (Male) |
| 27:32 | Crear | Villager (Male) |
| 27:42 | Construir | Town Center |
| 27:51 | Crear | Villager (Male) |
| 27:51 | Crear | Villager (Male) |
| 27:52 | Crear | Villager (Male) |
| 28:01 | Crear | Villager (Male) |
| 28:02 | Crear | Villager (Male) |
| 28:02 | Crear | Villager (Male) |
| 28:03 | Crear | Villager (Male) |
| 28:10 | Crear | Trade Cart |
Build order — RodrigoOBOMM
Primeras 150 de 868 acciones detectadas
| 0:02 | Crear | Villager (Male) |
| 0:02 | Crear | Villager (Male) |
| 0:02 | Crear | Villager (Male) |
| 0:30 | Investigar | Loom |
| 0:31 | Crear | Villager (Male) |
| 0:31 | Crear | Villager (Male) |
| 1:01 | Construir | Palisade Wall |
| 2:53 | Crear | Villager (Male) |
| 3:19 | Construir | Palisade Wall |
| 4:17 | Crear | Villager (Male) |
| 4:40 | Crear | Villager (Male) |
| 5:09 | Crear | Villager (Male) |
| 6:11 | Construir | Lumber Camp |
| 7:26 | Crear | Villager (Male) |
| 7:28 | Crear | Villager (Male) |
| 7:29 | Crear | Villager (Male) |
| 7:30 | Crear | Villager (Male) |
| 7:36 | Crear | Villager (Male) |
| 8:10 | Construir | Mill |
| 8:31 | Crear | Villager (Male) |
| 9:22 | Crear | Villager (Male) |
| 9:38 | Crear | Villager (Male) |
| 10:56 | Investigar | Feudal Age |
| 11:56 | Crear | Villager (Male) |
| 11:57 | Crear | Villager (Male) |
| 12:36 | Crear | Villager (Male) |
| 13:13 | Investigar | Double-Bit Axe |
| 13:15 | Investigar | Horse Collar |
| 13:20 | Crear | Villager (Male) |
| 13:21 | Crear | Villager (Male) |
| 13:52 | Construir | Stone Wall |
| 13:56 | Construir | Gate |
| 14:01 | Crear | Villager (Male) |
| 14:35 | Construir | Mining Camp |
| 14:39 | Crear | Villager (Male) |
| 15:13 | Crear | Villager (Male) |
| 15:49 | Construir | Mill |
| 15:58 | Crear | Villager (Male) |
| 17:05 | Construir | Farm |
| 17:11 | Construir | Farm |
| 17:50 | Construir | Farm |
| 18:02 | Crear | Villager (Male) |
| 18:02 | Crear | Villager (Male) |
| 18:03 | Crear | Villager (Male) |
| 18:41 | Construir | Blacksmith |
| 18:49 | Construir | Lumber Camp |
| 19:19 | Construir | Market |
| 19:30 | Construir | Barracks |
| 19:43 | Construir | Farm |
| 19:46 | Construir | Farm |
| 19:59 | Construir | Farm |
| 20:06 | Investigar | Forging |
| 20:10 | Investigar | Scale Barding Armor |
| 20:15 | Investigar | Wheelbarrow |
| 20:18 | Crear | Villager (Male) |
| 20:19 | Crear | Villager (Male) |
| 20:30 | Crear | Villager (Male) |
| 20:50 | Construir | Archery Range |
| 20:57 | Construir | Gate |
| 21:00 | Construir | Gate |
| 21:07 | Construir | Stable |
| 21:10 | Construir | Stable |
| 21:22 | Construir | Mining Camp |
| 21:26 | Crear | Villager (Male) |
| 21:43 | Investigar | Castle Age |
| 21:47 | Crear | Villager (Male) |
| 21:48 | Crear | Villager (Male) |
| 22:07 | Construir | Mining Camp |
| 23:27 | Construir | Farm |
| 23:27 | Construir | Farm |
| 23:28 | Construir | Farm |
| 23:39 | Construir | Dock |
| 24:19 | Construir | Stable |
| 24:30 | Construir | Stable |
| 24:31 | Construir | Stable |
| 24:50 | Construir | Farm |
| 25:03 | Investigar | Tech 906 |
| 25:17 | Crear | Demolition Raft |
| 25:21 | Crear | Demolition Raft |
| 25:42 | Construir | Farm |
| 26:26 | Construir | Town Center |
| 26:52 | Crear | Villager (Male) |
| 26:52 | Crear | Villager (Male) |
| 26:52 | Crear | Villager (Male) |
| 26:52 | Crear | Villager (Male) |
| 27:26 | Construir | University |
| 28:15 | Construir | Monastery |
| 29:07 | Crear | Fishing Ship |
| 29:09 | Crear | Fishing Ship |
| 29:10 | Crear | Fishing Ship |
| 29:30 | Crear | Villager (Male) |
| 29:41 | Construir | Mining Camp |
| 29:53 | Investigar | Imperial Age |
| 30:15 | Crear | Villager (Male) |
| 30:43 | Investigar | Hand Cart |
| 30:46 | Crear | Villager (Male) |
| 30:49 | Investigar | Bow Saw |
| 30:52 | Investigar | Heavy Plow |
| 31:06 | Crear | Villager (Male) ×3 |
| 31:44 | Construir | Castle |
| 31:55 | Construir | Castle |
| 32:17 | Investigar | Forging |
| 32:20 | Crear | Villager (Male) |
| 32:20 | Crear | Villager (Male) |
| 32:28 | Construir | Town Center |
| 32:55 | Investigar | Pikeman (upgrade) |
| 32:58 | Investigar | Elite Skirmisher (upgrade) |
| 33:16 | Crear | Villager (Male) |
| 33:34 | Investigar | Town Watch |
| 33:37 | Investigar | Scale Mail Armor |
| 33:52 | Crear | Villager (Male) |
| 33:55 | Crear | Villager (Male) |
| 33:55 | Crear | Villager (Male) |
| 33:58 | Crear | Villager (Male) |
| 33:59 | Crear | Villager (Male) |
| 34:13 | Construir | Siege Workshop |
| 34:22 | Construir | Siege Workshop |
| 34:58 | Investigar | Caravan |
| 34:59 | Crear | Trade Cart ×3 |
| 35:06 | Crear | Villager (Male) |
| 35:06 | Crear | Villager (Male) |
| 35:30 | Construir | Town Center |
| 35:42 | Crear | Villager (Male) |
| 35:42 | Crear | Villager (Male) |
| 35:42 | Crear | Villager (Male) |
| 35:43 | Crear | Villager (Male) |
| 36:05 | Construir | Castle |
| 36:12 | Construir | Farm |
| 36:14 | Construir | Farm |
| 36:20 | Construir | Farm |
| 36:23 | Crear | Villager (Male) |
| 36:24 | Crear | Villager (Male) |
| 36:25 | Crear | Villager (Male) |
| 36:29 | Crear | Villager (Male) |
| 36:40 | Crear | Demolition Raft |
| 36:42 | Crear | Demolition Raft |
| 36:43 | Crear | Demolition Raft |
| 36:53 | Crear | Demolition Raft |
| 36:56 | Crear | Fishing Ship |
| 37:00 | Crear | Fishing Ship |
| 37:01 | Crear | Fishing Ship |
| 37:01 | Crear | Fishing Ship |
| 37:01 | Crear | Fishing Ship |
| 37:02 | Crear | Fishing Ship |
| 37:02 | Crear | Fishing Ship |
| 37:03 | Crear | Fishing Ship |
| 37:03 | Crear | Fishing Ship |
| 37:13 | Construir | Fish Trap |
| 37:19 | Construir | Fish Trap |
| 37:27 | Construir | Farm |
Build order — TMZ | COLODETTI
Primeras 150 de 1022 acciones detectadas
| 0:02 | Crear | Villager (Male) |
| 0:03 | Investigar | Loom |
| 0:03 | Crear | Villager (Male) |
| 0:03 | Crear | Villager (Male) |
| 0:03 | Crear | Villager (Male) |
| 0:05 | Construir | House |
| 0:06 | Construir | House |
| 1:02 | Construir | Palisade Wall |
| 1:19 | Construir | Palisade Wall |
| 2:19 | Crear | Villager (Male) |
| 2:49 | Crear | Villager (Male) |
| 3:06 | Construir | Palisade Wall |
| 3:17 | Crear | Villager (Male) |
| 3:18 | Crear | Villager (Male) |
| 3:50 | Crear | Villager (Male) |
| 4:18 | Crear | Villager (Male) |
| 4:34 | Construir | House |
| 4:49 | Crear | Villager (Male) |
| 4:49 | Crear | Villager (Male) |
| 5:07 | Construir | House |
| 5:14 | Crear | Villager (Male) |
| 5:14 | Crear | Villager (Male) |
| 5:41 | Crear | Villager (Male) |
| 5:52 | Construir | Lumber Camp |
| 6:09 | Crear | Villager (Male) |
| 6:10 | Crear | Villager (Male) |
| 6:38 | Crear | Villager (Male) |
| 7:08 | Construir | Palisade Gate |
| 7:13 | Construir | House |
| 7:47 | Crear | Villager (Male) |
| 8:06 | Crear | Villager (Male) |
| 8:09 | Construir | Mill |
| 8:27 | Crear | Villager (Male) |
| 8:28 | Crear | Villager (Male) |
| 8:28 | Crear | Villager (Male) |
| 9:13 | Construir | House |
| 9:14 | Construir | House |
| 9:15 | Construir | House |
| 9:16 | Construir | House |
| 9:18 | Crear | Villager (Male) |
| 9:22 | Crear | Villager (Male) |
| 10:05 | Crear | Villager (Male) |
| 10:08 | Construir | Farm |
| 10:28 | Crear | Villager (Male) |
| 10:42 | Construir | House |
| 10:44 | Construir | House |
| 10:44 | Construir | House |
| 10:47 | Crear | Villager (Male) |
| 11:02 | Construir | Mining Camp |
| 11:27 | Investigar | Feudal Age |
| 12:10 | Construir | Lumber Camp |
| 12:22 | Construir | Palisade Wall |
| 12:33 | Crear | Villager (Male) |
| 12:34 | Crear | Villager (Male) |
| 12:34 | Crear | Villager (Male) |
| 13:12 | Crear | Villager (Male) |
| 13:12 | Crear | Villager (Male) |
| 13:42 | Edad | Edad Feudal |
| 13:42 | Investigar | Double-Bit Axe |
| 13:43 | Investigar | Double-Bit Axe |
| 13:54 | Crear | Villager (Male) |
| 14:01 | Construir | Stone Wall |
| 14:07 | Construir | Stone Wall |
| 14:20 | Construir | Blacksmith |
| 14:21 | Construir | House |
| 14:22 | Construir | House |
| 14:27 | Construir | Palisade Wall |
| 14:27 | Construir | Palisade Wall |
| 14:31 | Crear | Villager (Male) |
| 14:41 | Construir | Market |
| 14:44 | Construir | Lumber Camp |
| 14:59 | Construir | Farm |
| 15:10 | Construir | Farm |
| 15:23 | Construir | Gate |
| 15:30 | Crear | Villager (Male) |
| 15:34 | Construir | Farm |
| 15:38 | Construir | Farm |
| 15:41 | Crear | Villager (Male) |
| 16:06 | Crear | Villager (Male) |
| 16:11 | Construir | House |
| 16:18 | Construir | House |
| 16:22 | Construir | House |
| 16:32 | Construir | House |
| 16:33 | Construir | House |
| 16:36 | Construir | House |
| 16:42 | Crear | Villager (Male) |
| 16:47 | Construir | Mining Camp |
| 16:49 | Crear | Villager (Male) |
| 17:12 | Construir | Stone Wall |
| 17:14 | Construir | Stone Wall |
| 17:16 | Construir | Stone Wall |
| 17:19 | Construir | Stone Wall |
| 17:23 | Investigar | Castle Age |
| 17:57 | Investigar | Horse Collar |
| 18:07 | Construir | Farm |
| 18:12 | Construir | Farm |
| 18:14 | Investigar | Stone Mining |
| 18:45 | Crear | Villager (Male) |
| 18:46 | Crear | Villager (Male) |
| 18:46 | Crear | Villager (Male) |
| 19:07 | Construir | Gate |
| 19:15 | Construir | Gate |
| 19:22 | Investigar | Gold Mining |
| 19:24 | Crear | Villager (Male) |
| 20:26 | Construir | Dock |
| 20:36 | Construir | Outpost |
| 20:39 | Construir | Outpost |
| 20:42 | Construir | Outpost |
| 20:45 | Construir | Outpost |
| 20:49 | Construir | Outpost |
| 20:52 | Construir | Outpost |
| 20:56 | Crear | Villager (Male) |
| 20:56 | Crear | Villager (Male) |
| 20:57 | Edad | Edad de los Castillos |
| 21:00 | Construir | Town Center |
| 21:31 | Construir | Town Center |
| 21:57 | Construir | Farm |
| 22:03 | Crear | Villager (Male) |
| 22:09 | Crear | Fishing Ship |
| 22:33 | Crear | Villager (Male) |
| 22:33 | Crear | Villager (Male) |
| 22:40 | Crear | Fishing Ship |
| 22:49 | Crear | Villager (Male) |
| 23:03 | Construir | Mining Camp |
| 23:07 | Crear | Villager (Male) |
| 23:13 | Crear | Fishing Ship |
| 23:31 | Construir | Farm |
| 23:35 | Crear | Villager (Male) |
| 23:35 | Crear | Villager (Male) |
| 23:36 | Crear | Villager (Male) |
| 23:36 | Crear | Villager (Male) |
| 23:36 | Crear | Villager (Male) |
| 23:36 | Crear | Villager (Male) |
| 23:37 | Crear | Villager (Male) |
| 23:38 | Crear | Villager (Male) |
| 23:39 | Crear | Villager (Male) |
| 24:05 | Construir | Monastery |
| 24:09 | Construir | House |
| 24:10 | Construir | House |
| 24:22 | Construir | House |
| 24:24 | Construir | House |
| 24:25 | Construir | House |
| 24:26 | Construir | House |
| 24:27 | Construir | House |
| 24:31 | Construir | House |
| 24:38 | Crear | Villager (Male) |
| 24:40 | Crear | Villager (Male) |
| 24:41 | Crear | Villager (Male) |
| 24:44 | Crear | Fishing Ship |
| 24:44 | Crear | Fishing Ship |
Cronología de la partida
| 0:39 | ♛PePão♛ · wall_segment Palisade Wall x9 |
| 1:01 | RodrigoOBOMM · wall_segment Palisade Wall x10 |
| 1:02 | TMZ | COLODETTI · wall_segment Palisade Wall x15 |
| 1:19 | TMZ | COLODETTI · wall_segment Palisade Wall x6 |
| 1:44 | Krizao · wall_segment Palisade Wall x1 |
| 1:46 | Krizao · wall_segment Palisade Wall x1 |
| 1:48 | Krizao · wall_segment Palisade Wall x4 |
| 3:06 | TMZ | COLODETTI · wall_segment Palisade Wall x16 |
| 3:19 | RodrigoOBOMM · wall_segment Palisade Wall x12 |
| 5:18 | ♛PePão♛ · wall_segment Palisade Wall x1 |
| 5:33 | VkA | jhau_t · wall_segment Palisade Wall x10 |
| 5:39 | kaisermaster · first_building Dock |
| 5:39 | Krizao · wall_segment Palisade Wall x1 |
| 5:43 | Krizao · wall_segment Palisade Wall x1 |
| 6:45 | Krizao · wall_segment Palisade Wall x1 |
| 8:19 | VkA | jhau_t · wall_segment Palisade Wall x7 |
| 8:41 | VkA | jhau_t · first_building Dock |
| 9:42 | urso · wall_segment Palisade Wall x7 |
| 10:55 | urso · wall_segment Palisade Wall x6 |
| 11:19 | figueiredo · age_up feudal |
| 11:20 | urso · wall_segment Palisade Wall x4 |
| 11:45 | VkA | jhau_t · age_up feudal |
| 11:58 | urso · age_up feudal |
| 12:22 | TMZ | COLODETTI · wall_segment Palisade Wall x8 |
| 12:50 | urso · wall_segment Palisade Wall x2 |
| 12:53 | urso · wall_segment Palisade Wall x6 |
| 13:20 | urso · first_market_buy 100 food |
| 13:26 | kaisermaster · age_up feudal |
| 13:27 | urso · first_market_sell 100 wood |
| 13:42 | TMZ | COLODETTI · age_up feudal |
| 13:52 | RodrigoOBOMM · wall_segment Stone Wall x14 |
| 13:57 | Krizao · age_up feudal |
| 14:01 | TMZ | COLODETTI · wall_segment Stone Wall x8 |
| 14:07 | TMZ | COLODETTI · wall_segment Stone Wall x14 |
| 14:10 | Krizao · wall_segment Stone Wall x4 |
| 14:13 | Krizao · wall_segment Stone Wall x4 |
| 14:16 | urso · first_building Dock |
| 14:19 | ♛PePão♛ · first_building Barracks |
| 14:27 | TMZ | COLODETTI · wall_segment Palisade Wall x1 |
| 14:27 | TMZ | COLODETTI · wall_segment Palisade Wall x1 |
| 14:32 | urso · wall_segment Stone Wall x2 |
| 14:35 | urso · wall_segment Stone Wall x6 |
| 14:41 | VkA | jhau_t · wall_segment Stone Wall x10 |
| 14:50 | ♛PePão♛ · age_up feudal |
| 15:36 | urso · wall_segment Stone Wall x3 |
| 16:10 | urso · age_up castle |
| 16:43 | VkA | jhau_t · age_up castle |
| 16:48 | urso · wall_segment Stone Wall x7 |
| 16:51 | figueiredo · first_market_buy 100 food |
| 17:12 | TMZ | COLODETTI · wall_segment Stone Wall x7 |
| 17:14 | TMZ | COLODETTI · wall_segment Stone Wall x4 |
| 17:16 | TMZ | COLODETTI · wall_segment Stone Wall x2 |
| 17:19 | TMZ | COLODETTI · wall_segment Stone Wall x5 |
| 17:27 | kaisermaster · age_up castle |
| 18:42 | urso · wall_segment Stone Wall x5 |
| 18:55 | ♛PePão♛ · wall_segment Stone Wall x11 |
| 19:27 | Krizao · first_building Barracks |
| 19:30 | RodrigoOBOMM · first_building Barracks |
| 19:45 | ♛PePão♛ · wall_segment Stone Wall x1 |
| 19:49 | ♛PePão♛ · wall_segment Stone Wall x1 |
| 19:51 | urso · wall_segment Stone Wall x3 |
| 20:26 | TMZ | COLODETTI · first_building Dock |
| 20:42 | ♛PePão♛ · first_building Dock |
| 20:46 | Krizao · age_up castle |
| 20:50 | kaisermaster · first_building Monastery |
| 20:50 | RodrigoOBOMM · first_building Archery Range |
| 20:57 | TMZ | COLODETTI · age_up castle |
| 21:07 | RodrigoOBOMM · first_building Stable |
| 21:18 | urso · wall_segment Stone Wall x5 |
| 21:34 | Krizao · first_building Monastery |
| 21:43 | kaisermaster · first_market_sell 100 food |
| 22:21 | urso · first_building Monastery |
| 22:33 | figueiredo · age_up castle |
| 22:35 | figueiredo · first_building Monastery |
| 22:36 | Krizao · first_building Dock |
| 23:06 | Krizao · first_building Castle |
| 23:38 | Krizao · first_building Siege Workshop |
| 23:39 | RodrigoOBOMM · first_building Dock |
| 23:43 | ♛PePão♛ · first_building Archery Range |
| 24:05 | TMZ | COLODETTI · first_building Monastery |
| 24:30 | kaisermaster · first_market_buy 100 food |
| 25:05 | urso · wall_segment Stone Wall x4 |
| 25:12 | VkA | jhau_t · first_building Monastery |
| 25:13 | TMZ | COLODETTI · first_building Castle |
| 25:24 | TMZ | COLODETTI · first_building Siege Workshop |
| 26:11 | ♛PePão♛ · age_up castle |
| 27:16 | VkA | jhau_t · first_building Castle |
| 27:27 | kaisermaster · first_building Castle |
| 27:32 | urso · first_building Barracks |
| 27:33 | urso · first_building Siege Workshop |
| 28:09 | TMZ | COLODETTI · wall_segment Stone Wall x1 |
| 28:09 | Krizao · first_market_buy 100 wood |
| 28:15 | RodrigoOBOMM · first_building Monastery |
| 29:24 | ♛PePão♛ · first_building Castle |
| 29:55 | TMZ | COLODETTI · first_market_buy 100 food |
| 30:29 | TMZ | COLODETTI · first_building Barracks |
| 31:04 | urso · first_building Castle |
| 31:39 | VkA | jhau_t · age_up imperial |
| 31:44 | RodrigoOBOMM · first_building Castle |
| 32:22 | urso · first_building Archery Range |
| 32:47 | kaisermaster · age_up imperial |
| 33:08 | urso · age_up imperial |
| 33:09 | TMZ | COLODETTI · age_up imperial |
| 33:43 | ♛PePão♛ · wall_segment Stone Wall x4 |
| 33:49 | figueiredo · first_building Castle |
| 33:54 | figueiredo · first_building Barracks |
| 34:07 | VkA | jhau_t · first_building Barracks |
| 34:13 | RodrigoOBOMM · first_building Siege Workshop |
| 34:18 | TMZ | COLODETTI · wall_segment Stone Wall x8 |
| 34:23 | ♛PePão♛ · first_building Siege Workshop |
| 34:32 | Krizao · age_up imperial |
| 35:21 | ♛PePão♛ · age_up imperial |
| 35:35 | TMZ | COLODETTI · first_building Archery Range |
| 36:04 | figueiredo · first_building Siege Workshop |
| 36:36 | figueiredo · age_up imperial |
| 37:24 | Krizao · first_building Stable |
| 39:42 | Krizao · wall_segment Stone Wall x5 |
| 39:44 | Krizao · wall_segment Stone Wall x6 |
| 39:57 | ♛PePão♛ · first_market_sell 100 food |
| 40:32 | TMZ | COLODETTI · first_market_sell 500 food |
| 40:35 | Krizao · first_market_sell 500 food |
| 41:25 | VkA | jhau_t · resign |
| 43:21 | Krizao · first_building Archery Range |
| 44:34 | Krizao · wall_segment Stone Wall x1 |
| 45:29 | Krizao · wall_segment Stone Wall x3 |
| 45:35 | Krizao · wall_segment Stone Wall x8 |
| 46:24 | ♛PePão♛ · first_market_buy 100 stone |
| 47:21 | TMZ | COLODETTI · tribute_sent a jugador 1 |
| 47:21 | TMZ | COLODETTI · tribute_sent a jugador 2 |
| 47:21 | TMZ | COLODETTI · tribute_sent a jugador 3 |
| 47:21 | TMZ | COLODETTI · tribute_sent a jugador 4 |
| 47:21 | TMZ | COLODETTI · tribute_sent a jugador 5 |
| 47:21 | TMZ | COLODETTI · tribute_sent a jugador 6 |
| 47:21 | TMZ | COLODETTI · tribute_sent a jugador 7 |
| 49:04 | kaisermaster · first_building Barracks |
| 49:45 | kaisermaster · first_building Stable |
| 52:32 | figueiredo · first_market_sell 500 food |
| 53:30 | TMZ | COLODETTI · tribute_sent a jugador 1 |
| 53:30 | TMZ | COLODETTI · tribute_sent a jugador 2 |
| 53:30 | TMZ | COLODETTI · tribute_sent a jugador 3 |
| 53:30 | TMZ | COLODETTI · tribute_sent a jugador 4 |
| 53:30 | TMZ | COLODETTI · tribute_sent a jugador 5 |
| 53:30 | TMZ | COLODETTI · tribute_sent a jugador 6 |
| 53:30 | TMZ | COLODETTI · tribute_sent a jugador 7 |
| 58:22 | ♛PePão♛ · wall_segment Stone Wall x11 |
| 59:36 | Krizao · wall_segment Stone Wall x1 |
| 59:50 | Krizao · wall_segment Stone Wall x1 |
| 61:03 | ♛PePão♛ · wall_segment Stone Wall x8 |
| 62:39 | ♛PePão♛ · wall_segment Stone Wall x14 |
| 66:25 | RodrigoOBOMM · first_market_sell 500 wood |
| 66:30 | RodrigoOBOMM · first_market_buy 500 food |
| 66:47 | TMZ | COLODETTI · first_building Stable |
| 66:49 | kaisermaster · tribute_sent a jugador 1 |
| 66:49 | kaisermaster · tribute_sent a jugador 2 |
| 66:49 | kaisermaster · tribute_sent a jugador 3 |
| 66:49 | kaisermaster · tribute_sent a jugador 5 |
| 66:49 | kaisermaster · tribute_sent a jugador 6 |
| 66:49 | kaisermaster · tribute_sent a jugador 7 |
| 66:49 | kaisermaster · tribute_sent a jugador 8 |
| 66:53 | RodrigoOBOMM · tribute_sent a jugador 1 |
| 66:53 | RodrigoOBOMM · tribute_sent a jugador 2 |
| 66:53 | RodrigoOBOMM · tribute_sent a jugador 3 |
| 66:53 | RodrigoOBOMM · tribute_sent a jugador 4 |
| 66:53 | RodrigoOBOMM · tribute_sent a jugador 5 |
| 66:53 | RodrigoOBOMM · tribute_sent a jugador 6 |
| 66:53 | RodrigoOBOMM · tribute_sent a jugador 8 |
| 67:39 | ♛PePão♛ · wall_segment Stone Wall x6 |
| 71:26 | urso · tribute_sent a jugador 1 |
| 71:26 | urso · tribute_sent a jugador 3 |
| 71:26 | urso · tribute_sent a jugador 4 |
| 71:26 | urso · tribute_sent a jugador 5 |
| 71:26 | urso · tribute_sent a jugador 6 |
| 71:26 | urso · tribute_sent a jugador 7 |
| 71:26 | urso · tribute_sent a jugador 8 |
| 71:43 | urso · tribute_sent a jugador 1 |
| 71:43 | urso · tribute_sent a jugador 3 |
| 71:43 | urso · tribute_sent a jugador 4 |
| 71:43 | urso · tribute_sent a jugador 5 |
| 71:43 | urso · tribute_sent a jugador 6 |
| 71:43 | urso · tribute_sent a jugador 7 |
| 71:43 | urso · tribute_sent a jugador 8 |
| 73:13 | urso · tribute_sent a jugador 1 |
| 73:13 | urso · tribute_sent a jugador 3 |
| 73:13 | urso · tribute_sent a jugador 4 |
| 73:13 | urso · tribute_sent a jugador 5 |
| 73:13 | urso · tribute_sent a jugador 6 |
| 73:13 | urso · tribute_sent a jugador 7 |
| 73:13 | urso · tribute_sent a jugador 8 |
| 73:29 | ♛PePão♛ · wall_segment Stone Wall x5 |
| 73:31 | ♛PePão♛ · wall_segment Stone Wall x1 |
| 73:34 | ♛PePão♛ · wall_segment Stone Wall x10 |
| 74:03 | kaisermaster · tribute_sent a jugador 1 |
| 74:03 | kaisermaster · tribute_sent a jugador 2 |
| 74:03 | kaisermaster · tribute_sent a jugador 3 |
| 74:03 | kaisermaster · tribute_sent a jugador 5 |
| 74:03 | kaisermaster · tribute_sent a jugador 6 |
| 74:03 | kaisermaster · tribute_sent a jugador 7 |
| 74:03 | kaisermaster · tribute_sent a jugador 8 |
| 74:14 | urso · tribute_sent a jugador 1 |
| 74:14 | urso · tribute_sent a jugador 3 |
| 74:14 | urso · tribute_sent a jugador 4 |
| 74:14 | urso · tribute_sent a jugador 5 |
| 74:15 | urso · tribute_sent a jugador 6 |
| 74:15 | urso · tribute_sent a jugador 7 |
| 74:15 | urso · tribute_sent a jugador 8 |
| 76:35 | ♛PePão♛ · wall_segment Stone Wall x1 |
| 76:38 | ♛PePão♛ · wall_segment Stone Wall x7 |
| 77:51 | urso · tribute_sent a jugador 1 |
| 77:51 | urso · tribute_sent a jugador 3 |
| 77:51 | urso · tribute_sent a jugador 4 |
| 77:51 | urso · tribute_sent a jugador 5 |
| 77:51 | urso · tribute_sent a jugador 6 |
| 77:51 | urso · tribute_sent a jugador 7 |
| 77:51 | urso · tribute_sent a jugador 8 |
| 79:29 | ♛PePão♛ · wall_segment Stone Wall x8 |
| 79:34 | ♛PePão♛ · wall_segment Stone Wall x14 |
| 81:06 | ♛PePão♛ · wall_segment Stone Wall x1 |
| 83:47 | ♛PePão♛ · wall_segment Stone Wall x14 |
[ ANÁLISIS IA · 1 CRÉDITO ]
¿Qué pasó realmente en esta partida?
Wolo.gg analiza cada decisión: build order, eco, micro, errores típicos por bracket. Análisis personalizado por WhatsApp o Discord en 30 segundos.
Guía civ
Eslavos
Perfil
Jugador #2903403